 Dungeon Crawl Stone Soup version 0.27.1 (webtiles) character file.

Game seed: 18177526773017276210

86 acemry the Grave Robber (level 4, -2/24 HPs)
             Began as a Vampire Necromancer on Sept 4, 2021.
             Slain by a goblin (4 damage)
             ... on level 3 of the Dungeon.
             The game lasted 00:05:58 (2198 turns).

acemry the Grave Robber (Vampire Necromancer)       Turns: 2198, Time: 00:05:59

Health: -2/24      AC:  6    Str:  7    XL:     4   Next: 27%
Magic:  4/7        EV: 12    Int: 18    God:
Gold:   116        SH:  0    Dex: 14    Spells: 6/8 levels left

rFire    . . .     SeeInvis +   d - +1 whip (pain)
rCold    + + .     Faith    .   (no shield)
rNeg     + + +     Spirit   .   a - +0 robe
rPois    ∞         Reflect  .   (no helmet)
rElec    .         Harm     .   (no cloak)
rCorr    .         Rampage  .   (no gloves)
Will     .....                  (no boots)
Stlth    ++++......             (no amulet)
HPRegen  0.00/turn              j - +4 ring of protection
MPRegen  0.10/turn              (no ring)

@: bloodless, inhibited regen
A: bloodless, fangs 3, see invisible, vampiric 2
a: Bat Form, Revivify


You were on level 3 of the Dungeon.
You visited 1 branch of the dungeon, and saw 3 of its levels.

You collected 116 gold pieces.

Inventory:

Hand Weapons
 b - a +0 short sword
 d - a +1 whip of pain (weapon)
Missiles
 e - 55 stones
Armour
 a - a +0 robe (worn)
Jewellery
 j - a +4 ring of protection (left hand)
Scrolls
 f - a scroll of acquirement {unknown}
 h - 2 scrolls of teleportation {unknown}
 l - a scroll of identify
 m - a scroll of immolation {unknown}
Potions
 c - 3 potions of curing
 g - a potion of brilliance {unknown}
 i - 2 potions of haste {unknown}
 k - a potion of might {unknown}


   Skills:
 - Level 2.2 Dodging
 - Level 3.1 Stealth
 + Level 2.6 Spellcasting
 * Level 6.0 Necromancy


You had 6 spell levels left.
You knew the following spells:

 Your Spells              Type           Power      Damage    Failure   Level
a - Pain                  Necr           92%        1d8       1%          1
b - Animate Skeleton      Necr           46%        N/A       1%          1

Your spell library contained the following spells:

 Spells                   Type           Power      Damage    Failure   Level
 Sublimation of Blood     Necr           11%        N/A       2%          2
 Vampiric Draining        Necr           11%        2d7       4%          3
 Animate Dead             Necr           11%        N/A       14%         4
 Agony                    Necr           23%        N/A       38%         5
 Petrify                  Tmut/Erth      2%         N/A       86%         4
 Irradiate                Conj/Tmut      1%         3d13      99%         5


Dungeon Overview and Level Annotations

Branches:
Dungeon (3/15)

Altars:
Makhleb

Annotations:
D:3 Ijyb


Innate Abilities, Weirdness & Mutations

You do not regenerate when monsters are visible.
You are frail without blood (-20% HP).
You can heal yourself when you bite living creatures.
You are immune to poison.
You have razor-sharp teeth.
You have supernaturally acute eyesight. (SInv)
You are afflicted with vampirism and can become a bat while bloodless.


Message History

The goblin shouts!
Found a whip and 7 stones.
The goblin writhes in agony.
The goblin shouts!
The goblin writhes in agony.
You kill the goblin!
The goblin hits you but does no damage.
Casting: Pain (safe; 1% risk of failure)
Confirm with . or Enter, or press ? or * to list all spells.
Aiming: Pain (safe; 1% risk of failure)
Press: ? - help, Shift-Dir - straight line, f - goblin
Aim: a goblin, wielding a +0 club (chance to affect: 92%)
The goblin writhes in agony.
You kill the goblin!
The goblin hits you with a +0 club.
Your Necromancy skill increases to level 6!
You hit Ijyb but do no damage. The goblin barely misses you. Ijyb misses you.
The goblin barely misses you.
You completely miss Ijyb. The goblin hits you with a +0 club.
Ijyb hits you with a +0 club. The goblin hits you but does no damage.
The goblin misses you.
You hit Ijyb but do no damage.
Ijyb writhes in agony.
Ijyb is moderately wounded.
Ijyb hits you but does no damage. The goblin closely misses you. x3
The goblin hits you with a +0 club.
You barely miss Ijyb.
Ijyb is moderately wounded.
Ijyb hits you but does no damage. The goblin closely misses you. x2
The goblin barely misses you. The goblin hits you but does no damage.
You hit Ijyb but do no damage.
Ijyb writhes in agony.
Ijyb is heavily wounded.
Ijyb hits you with a +0 club. The goblin hits you with a +0 club. x2
* * * LOW HITPOINT WARNING * * *
The goblin misses you. The goblin closely misses you.
You hit Ijyb.
Ijyb writhes in agony.
You bite Ijyb, but do no damage.
Ijyb is severely wounded.
Ijyb hits you with a +0 club.
* * * LOW HITPOINT WARNING * * *
The goblin hits you with a +0 club.
You die...

.##..<.....#####...##(.......##
.##.##.#.### ##....######.###..
###......# #..#########.# .##
####.### #..8.8.8.8.#.# .# #.#
#..........## # #.# #.........(
# #.# #.......... ...###.#
#.ggg.....)
#.....#######..@g......
######......#..8g8.8.8.
#.####.#..########
#.####.#...)../..
#.#......†.....##
#.#.##.#.#....... #.#
#.#.......## #.. ..####.####
### .### ...


You could see Ijyb and 4 goblins.

Vanquished Creatures
  3 adders (D:3)
  A dart slug (D:1)
  5 endoplasms
  2 giant cockroaches (D:1)
  4 goblins
  6 hobgoblins
  8 kobolds
  A quokka (D:1)
  2 ball pythons
  9 bats
  2 frilled lizards (D:1)
  5 rats
48 creatures vanquished.

Vanquished Creatures (collateral kills)
  A dart slug (D:1)
  A hobgoblin (D:1)
  A ball python (D:1)
3 creatures vanquished.

Grand Total: 51 creatures vanquished

Notes
Turn   | Place    | Note
-------+----------+-------------------------------------------
     0 | D:1      | acemry the Vampire Necromancer began the quest for the Orb.
     0 | D:1      | Reached XP level 1. HP: 13/13 MP: 3/3
   200 | D:1      | Found a burning altar of Makhleb.
   270 | D:1      | Reached XP level 2. HP: 19/19 MP: 5/5
   273 | D:1      | Learned a level 1 spell: Animate Skeleton
   292 | D:1      | Reached skill level 5 in Necromancy
   846 | D:1      | Gained mutation: You are afflicted with vampirism and can
                  | become a bat while bloodless. [Vampire growth]
   846 | D:1      | Reached XP level 3. HP: 24/24 MP: 6/6
  1922 | D:3      | Reached XP level 4. HP: 26/30 MP: 0/7
  2187 | D:3      | Noticed Ijyb
  2193 | D:3      | Reached skill level 6 in Necromancy
  2198 | D:3      | Slain by a goblin

Illustrated notes

Levels and vault maps discovered:
D:1:      scummos_arrival_star, layout_loops_ring, minmay_hexomino_r4
D:2:      layout_basic
D:3:      kennysheep_the_goblin_king, layout_loops_cross,
          hellmonk_ecumenical_altar_leap_of_faith, uniq_sigmund, uniq_terence

Skill      XL: |  1  2  3  4 |
---------------+-------------+-----
Necromancy     | 5 6 |  6.0
Dodging        | |  2.2
Stealth        | |  3.1
Spellcasting   | |  2.6

Action                   |  1- 3 |  4- 6 || total
-------------------------+-------+-------++-------
Melee: Whip              |    19 |     6 ||    25
       Bite              |     2 |     1 ||     3
       Unarmed           |     1 |       ||     1
 Cast: Pain              |    52 |    13 ||    65
 Abil: Exsanguinate      |       |     1 ||     1
  Use: Scroll            |     4 |       ||     4
 Stab: Sleeping          |     2 |       ||     2
Armor: Robe              |     2 |     7 ||     9
Dodge: Dodged            |    11 |    14 ||    25
